 Dungeon Crawl Stone Soup version 0.30-a0-629-gd54f4be4f7 (webtiles) character file.

Game seed: 5547178175022966231

25 acebull12 the Trooper (level 2, 0/24 HPs)
             Began as a Demonspawn Fighter on Jan 12, 2023.
             Slain by a worm (6 damage)
             ... on level 2 of the Dungeon.
             The game lasted 00:02:07 (667 turns).

acebull12 the Trooper (Demonspawn Fighter)           Turns: 667, Time: 00:02:08

Health: 0/24       AC:  7    Str: 16    XL:     2   Next: 82%
Magic:  2/2        EV:  8    Int:  9    God:
Gold:   65         SH:  4    Dex: 12    Spells: 1/1 levels left

rFire   . . .      SeeInvis .    a - +0 long sword
rCold   . . .      Faith    .    c - +0 buckler
rNeg    . . .      Spirit   .    b - +0 scale mail
rPois   .          Reflect  .    (helmet restricted)
rElec   .          Harm     .    i - +0 cloak
rCorr   .          Rampage  .    (no gloves)
Will    .....                    (no boots) Stlth
                                 (no amulet)
HPRegen 0.24/turn                (no ring)
MPRegen 0.08/turn                (no ring)

@: no status effects
A: horns 1
a: no special abilities


You were on level 2 of the Dungeon.
You visited 1 branch of the dungeon, and saw 2 of its levels.

You collected 65 gold pieces.

Inventory:

Hand Weapons
 a - a +0 long sword (weapon)
 e - a +0 lajatang
Missiles
 n - a throwing net (quivered)
Armour
 b - a +0 scale mail (worn)
 c - a +0 buckler (worn)
 i - a +0 cloak (worn)
Scrolls
 f - a scroll of teleportation {unknown}
 g - a scroll of vulnerability {unknown}
 j - a scroll of amnesia {unknown}
 l - a scroll of identify {unknown}
Potions
 d - a potion of might
 h - a potion of haste {unknown}
 k - a potion of resistance {unknown}
 m - a potion of flight {unknown}


   Skills:
 + Level 3.1 Fighting
 + Level 2.3 Long Blades
 + Level 3.0 Armour
 + Level 0.2 Dodging
 + Level 2.8 Shields


You had one spell level left.
You didn't know any spells.
Your spell library was empty.

Dungeon Overview and Level Annotations

Branches:
Dungeon (2/15)

Altars:

Shops:
D:2 [


Innate Abilities, Weirdness & Mutations

You have a pair of small horns on your head.


Message History

The worm bites you.
You hit the worm.
The worm is moderately wounded.
The worm barely misses you.
You hit the worm.
The worm is moderately wounded.
The worm bites you but does no damage.
You barely miss the worm.
The worm is moderately wounded.
You hit the worm but do no damage.
The worm is moderately wounded.
The worm bites you.
You are too injured to fight recklessly!
You are too injured to fight recklessly!
You are too injured to fight recklessly!
You are too injured to fight recklessly!
You are too injured to fight recklessly!
A worm is nearby!
You barely miss the worm.
The worm is lightly wounded.
The worm bites you but does no damage.
You hit the worm but do no damage.
The worm is lightly wounded.
The worm barely misses you.
You barely miss the worm. You headbutt the worm.
The worm is lightly wounded.
The worm barely misses you.
You hit the worm. Your headbutt misses the worm.
The worm is moderately wounded.
The worm barely misses you.
You hit the worm but do no damage.
The worm is moderately wounded.
You hit the worm but do no damage.
The worm is moderately wounded.
The worm bites you.
* * * LOW HITPOINT WARNING * * *
You completely miss the worm.
The worm is moderately wounded.
The worm bites you.
You die...

..........#
..........# .#
..........# .#
..........###
###.#
.............
..#.###
.##'##....# #.....
.+........# #...#
.##.#.<...# #w..#
....#.....######@#
....#..>....†)...#
....##############
.##.# .##.# .##.#
##


You could see a worm.

Vanquished Creatures
  An adder (D:2)
  An endoplasm (D:2)
  A giant cockroach (D:2)
  A goblin (D:2)
  3 hobgoblins
  2 kobolds
  4 ball pythons
  A bat (D:1)
  3 rats
17 creatures vanquished.

Notes
Turn   | Place    | Note
-------+----------+-------------------------------------------
     0 | D:1      | acebull12 the Demonspawn Fighter began the quest for the
                  | Orb.
     0 | D:1      | Reached XP level 1. HP: 18/18 MP: 1/1
   151 | D:1      | You fall into a shaft and drop 1 floor!
   152 | D:2      | Found Lip Usug's Antique Armour Shoppe.
   214 | D:2      | Gained mutation: You have a pair of small horns on your
                  | head. [demonic ancestry]
   214 | D:2      | Reached XP level 2. HP: 21/24 MP: 2/2
   667 | D:2      | Slain by a worm

Illustrated notes

Levels and vault maps discovered:
D:1:      nicolae_arrival_washed_ashore, layout_basic
D:2:      layout_basic, serial_shops, nicolae_shop_behind_doors,
          uniq_crazy_yiuf_cottage

Skill      XL: |  1  2 |
---------------+-------+-----
Long Blades    | 2 |  2.3
Armour         | 3 |  3.0
Fighting       | |  3.1
Dodging        | |  0.2
Shields        | |  2.8

Action                   || total
-------------------------++-------
Melee: Long sword        ||    81
       Headbutt          ||     8
Armor: Scale mail        ||    39
Dodge: Dodged            ||    33
Block: Buckler           ||    11

Table legend: (Time is in decaauts)
 A = Elapsed time spent in this place.
 B = Non-inter-level travel time spent in this place.
 C = Inter-level travel time spent in this place.
 D = Time resting spent in this place.
 E = Time spent auto-exploring this place.
 F = Levels seen in this place.
 G = Mean time per level.
                   A        B        C        D        E       F      G
               +--------+--------+--------+--------+--------+-----+--------+
         Total |    693 |    693 |      0 |      0 |    511 |   2 |  346.5 |
       Dungeon |    693 |    693 |      0 |      0 |    511 |   2 |  346.5 |
               +--------+--------+--------+--------+--------+-----+--------+

Top non-repeatable levels by time:
     D:2: 534 daAuts
     D:1: 159 daAuts
